TOP OF THE 1ST |
Columbus Jets batting - Pitching for Rochester Red Wings : LHP Alex Gonzales
|
Pitching: LHP Alex Gonzales
|
|
Batting: LHB Craig Brooks
|
0-0: Called Strike 0-1: Swinging Strike 0-2: Foul Ball, location: 2F 0-2: Strikes out swinging
|
Batting: RHB Greg Schultz
|
0-0: Foul Ball, location: 2F 0-1: Fly out, F7 (Flyball, 7LM, EV 86.3 MPH)
|
Batting: RHB Danny Tartabull
|
0-0: Ball 1-0: Ball 2-0: Called Strike 2-1: Fly out, F7 (Flyball, 7, EV 97.5 MPH)
|
Top of the 1st over - 0 runs, 0 hits, 0 errors, 0 left on base; Columbus 0 - Rochester 0 |
BOTTOM OF THE 1ST |
Rochester Red Wings batting - Pitching for Columbus Jets : RHP Sven Lamberts
|
Pitching: RHP Sven Lamberts
|
|
Batting: RHB Johnnie LeMaster
|
0-0: Ball 1-0: Fly out, F9 (Flyball, 9S, EV 80.0 MPH)
|
Batting: LHB Ed Amelung
|
0-0: Called Strike 0-1: Ball 1-1: Foul Ball, location: 2F 1-2: Foul Ball, location: 2F 1-2: Fly out, F8 (Flyball, 8RXD, EV 106.9 MPH)
|
Batting: SHB Jordan Ayala
|
0-0: Ball 1-0: Ball 2-0: Ball 3-0: Called Strike 3-1: Ground out 1-3 (Groundball, 13S, EV 71.9 MPH)
|
Bottom of the 1st over - 0 runs, 0 hits, 0 errors, 0 left on base; Columbus 0 - Rochester 0 |
TOP OF THE 2ND |
Columbus Jets batting - Pitching for Rochester Red Wings : LHP Alex Gonzales
|
Batting: LHB Larry Sheets
|
0-0: Ball 1-0: Called Strike 1-1: Swinging Strike 1-2: Strikes out swinging
|
Batting: RHB Jim Maler
|
0-0: SINGLE (Line Drive, 7LS, EV 100.0 MPH)
|
Batting: RHB Michael Ventress
|
0-0: Ball 1-0: Called Strike 1-1: Ball 2-1: Fly out, F4 (Flyball, 34D, EV 85.0 MPH)
|
Batting: RHB Glenn Goya
|
0-0: Ball 1-0: Ball 2-0: Foul Ball, location: 2F 2-1: Fielders Choice at 2nd, 6-4 (Groundball, 6, EV 84.4 MPH)
|
Top of the 2nd over - 0 runs, 1 hit, 0 errors, 1 left on base; Columbus 0 - Rochester 0 |
BOTTOM OF THE 2ND |
Rochester Red Wings batting - Pitching for Columbus Jets : RHP Sven Lamberts
|
Batting: RHB Gerry Davis
|
0-0: Called Strike 0-1: Called Strike 0-2: Ball 1-2: Foul Ball, location: 2F 1-2: Fly out, F8 (Flyball, 8LD, EV 87.5 MPH)
|
Batting: RHB Joe Carter
|
0-0: Ground out 5-3 (Groundball, 56S, EV 62.5 MPH)
|
Batting: RHB Chris Johnston
|
0-0: Foul Ball, location: 2F 0-1: Ball 1-1: Swinging Strike 1-2: Ball 2-2: Ball 3-2: Strikes out looking
|
Bottom of the 2nd over - 0 runs, 0 hits, 0 errors, 0 left on base; Columbus 0 - Rochester 0 |
TOP OF THE 3RD |
Columbus Jets batting - Pitching for Rochester Red Wings : LHP Alex Gonzales
|
Batting: RHB Dave Bialas
|
0-0: Ground out 6-3 (Groundball, 6, EV 78.1 MPH)
|
Batting: RHB Jackie Gutierrez
|
0-0: Ball 1-0: DOUBLE (Groundball, 5L, EV 100.6 MPH)
|
Batting: LHB Craig Brooks
|
0-0: Called Strike 0-1: Ball 1-1: SINGLE (Groundball, 25, EV 68.1 MPH) (infield hit) Jackie Gutierrez to third
|
Batting: RHB Greg Schultz
|
0-0: Called Strike 0-1: Ball 1-1: Fielders Choice at 2nd, 4-6 (Groundball, 4M, EV 110.0 MPH) Jackie Gutierrez scores
|
Batting: RHB Danny Tartabull
|
0-0: Ball 1-0: Swinging Strike 1-1: Foul Ball, location: 2F 1-2: Ground out 4-3 (Groundball, 4, EV 86.3 MPH)
|
Top of the 3rd over - 1 run, 2 hits, 0 errors, 1 left on base; Columbus 1 - Rochester 0 |
BOTTOM OF THE 3RD |
Rochester Red Wings batting - Pitching for Columbus Jets : RHP Sven Lamberts
|
Batting: LHB Dave Falcone
|
0-0: Foul Ball, location: 2F 0-1: Ball 1-1: Fly out, F8 (Flyball, 8LD, EV 106.9 MPH)
|
Batting: RHB Tom Brookens
|
0-0: Ball 1-0: Ground out 6-3 (Groundball, 6, EV 82.5 MPH)
|
Batting: RHB Jerry Dybzinski
|
0-0: Ball 1-0: Fly out, F9 (Flyball, 9LM, EV 90.6 MPH)
|
Bottom of the 3rd over - 0 runs, 0 hits, 0 errors, 0 left on base; Columbus 1 - Rochester 0 |
TOP OF THE 4TH |
Columbus Jets batting - Pitching for Rochester Red Wings : LHP Alex Gonzales
|
Batting: LHB Larry Sheets
|
0-0: Ball 1-0: Swinging Strike 1-1: Foul Ball, location: 2F 1-2: Ball 2-2: Foul Ball, location: 2F 2-2: Strikes out swinging
|
Batting: RHB Jim Maler
|
0-0: Called Strike 0-1: Ball 1-1: Ball 2-1: DOUBLE (Line Drive, 89XD, EV 104.4 MPH)
|
Batting: RHB Michael Ventress
|
0-0: Ball 1-0: Ball Jim Maler steals 3rd base 2-0: Called Strike 2-1: Ball 3-1: Base on Balls
|
Batting: RHB Glenn Goya
|
0-0: Called Strike 0-1: Foul Ball, location: 2F 0-2: Fly out, F9 (Flyball, 9D, EV 90.6 MPH) Runner from 3rd tags up, SCORES, no throw by RF
|
Batting: RHB Dave Bialas
|
0-0: SINGLE (Line Drive, 6D, EV 97.5 MPH) Michael Ventress to second
|
Batting: RHB Jackie Gutierrez
|
0-0: Swinging Strike 0-1: Ball 1-1: Ball 2-1: Foul Ball, location: 2F 2-2: Fielders Choice at 2nd, 5-4 (Groundball, 5, EV 80.0 MPH)
|
Top of the 4th over - 1 run, 2 hits, 0 errors, 2 left on base; Columbus 2 - Rochester 0 |
BOTTOM OF THE 4TH |
Rochester Red Wings batting - Pitching for Columbus Jets : RHP Sven Lamberts
|
Batting: RHB Johnnie LeMaster
|
0-0: Ball 1-0: Ball 2-0: Ball 3-0: Called Strike 3-1: Base on Balls
|
Batting: LHB Ed Amelung
|
0-0: Ball 1-0: Called Strike 1-1: Ball 2-1: Ball 3-1: Swinging Strike 3-2: Foul Ball, location: 2F 3-2: Base on Balls Johnnie LeMaster to second
|
Batting: SHB Jordan Ayala
|
0-0: Ball Wild Pitch! Johnnie LeMaster to third Ed Amelung to second 1-0: Ball 2-0: Swinging Strike 2-1: Swinging Strike 2-2: Strikes out swinging
|
Batting: RHB Gerry Davis
|
0-0: Called Strike 0-1: Swinging Strike 0-2: Fly out, F8 (Flyball, 89M, EV 80.6 MPH) Runner from 3rd tags up, SCORES, throw by CF
|
Batting: RHB Joe Carter
|
0-0: Called Strike 0-1: Ball Wild Pitch! Ed Amelung to third 1-1: Swinging Strike 1-2: Fly out, F8 (Flyball, 8RD, EV 96.3 MPH)
|
Bottom of the 4th over - 1 run, 0 hits, 0 errors, 1 left on base; Columbus 2 - Rochester 1 |
TOP OF THE 5TH |
Columbus Jets batting - Pitching for Rochester Red Wings : LHP Alex Gonzales
|
Batting: LHB Craig Brooks
|
0-0: Ball 1-0: Ball 2-0: Called Strike 2-1: Swinging Strike 2-2: Strikes out swinging
|
Batting: RHB Greg Schultz
|
0-0: SINGLE (Groundball, 6MD, EV 101.9 MPH)
|
Batting: RHB Danny Tartabull
|
0-0: Fly out, F9 (Flyball, 9LD, EV 98.1 MPH)
|
Batting: LHB Larry Sheets
|
0-0: Ball 1-0: Called Strike 1-1: Ball 2-1: Foul Ball, location: 2F 2-2: Fly out, F7 (Flyball, 7S, EV 85.0 MPH)
|
Top of the 5th over - 0 runs, 1 hit, 0 errors, 1 left on base; Columbus 2 - Rochester 1 |
BOTTOM OF THE 5TH |
Rochester Red Wings batting - Pitching for Columbus Jets : RHP Sven Lamberts
|
Batting: RHB Chris Johnston
|
0-0: DOUBLE (Line Drive, 7LM, EV 101.9 MPH)
|
Batting: LHB Dave Falcone
|
0-0: Ball 1-0: Ball 2-0: Ball 3-0: Base on Balls
|
Batting: RHB Tom Brookens
|
0-0: Called Strike 0-1: Ball 1-1: 3-RUN HOME RUN (Flyball, 78XD, EV 105.0 MPH), Distance : 419 ft
|
Batting: RHB Jerry Dybzinski
|
0-0: Ball 1-0: Foul Ball, location: 2F 1-1: Foul Ball, location: 2F 1-2: Ground out 4-3 (Groundball, 4M, EV 98.1 MPH)
|
Batting: RHB Johnnie LeMaster
|
0-0: Ground out U3 (Groundball, 3S, EV 85.6 MPH)
|
Batting: LHB Ed Amelung
|
0-0: Ball 1-0: Ball 2-0: Swinging Strike 2-1: SINGLE (Groundball, 4D, EV 99.4 MPH)
|
Batting: SHB Jordan Ayala
|
0-0: Ball 1-0: Called Strike 1-1: Fly out, F8 (Flyball, 8RS, EV 78.8 MPH)
|
Bottom of the 5th over - 3 runs, 3 hits, 0 errors, 1 left on base; Columbus 2 - Rochester 4 |
TOP OF THE 6TH |
Columbus Jets batting - Pitching for Rochester Red Wings : LHP Alex Gonzales
|
Batting: RHB Jim Maler
|
0-0: SINGLE (Groundball, 4MD, EV 107.5 MPH)
|
Batting: RHB Michael Ventress
|
0-0: Called Strike Jim Maler steals 2nd base 0-1: Swinging Strike 0-2: Ball 1-2: Ball 2-2: Fly out, F8 (Flyball, 8RXD, EV 99.4 MPH) Runner from 2nd tags up, SAFE at 3rd, no throw by CF
|
Batting: RHB Glenn Goya
|
0-0: Ball 1-0: SINGLE (Line Drive, 89S, EV 100.0 MPH) Jim Maler scores
|
Batting: RHB Dave Bialas
|
0-0: Ball 1-0: Ball Wild Pitch! Glenn Goya to second 2-0: Fly out, F9 (Flyball, 9LM, EV 95.6 MPH) Runner from 2nd tags up, SAFE at 3rd, no throw by RF
|
Batting: RHB Jackie Gutierrez
|
0-0: Ball 1-0: Ball 2-0: Foul Ball, location: 2F 2-1: Ground out U3 (Groundball, 34, EV 89.4 MPH)
|
Top of the 6th over - 1 run, 2 hits, 0 errors, 1 left on base; Columbus 3 - Rochester 4 |
BOTTOM OF THE 6TH |
Rochester Red Wings batting - Pitching for Columbus Jets : RHP Sven Lamberts
|
Batting: RHB Gerry Davis
|
0-0: Ball 1-0: Foul Ball, location: 2F 1-1: Ball 2-1: Ground out 6-3 (Groundball, 6, EV 92.5 MPH)
|
Batting: RHB Joe Carter
|
0-0: Fly out, F7 (Flyball, 78M, EV 80.6 MPH)
|
Batting: RHB Chris Johnston
|
0-0: Ball 1-0: Ball 2-0: Ball 3-0: Called Strike 3-1: Base on Balls
|
Batting: LHB Dave Falcone
|
0-0: Called Strike 0-1: Ground out 4-3 (Groundball, 4, EV 98.8 MPH)
|
Bottom of the 6th over - 0 runs, 0 hits, 0 errors, 1 left on base; Columbus 3 - Rochester 4 |
TOP OF THE 7TH |
Columbus Jets batting - Pitching for Rochester Red Wings : LHP Alex Gonzales
|
Batting: LHB Craig Brooks
|
0-0: Ball 1-0: Swinging Strike 1-1: Foul Ball, location: 2F 1-2: Ball 2-2: Strikes out swinging
|
Batting: RHB Greg Schultz
|
0-0: Called Strike 0-1: Ball 1-1: Ball 2-1: Swinging Strike 2-2: Foul Ball, location: 2F 2-2: Foul Ball, location: 2F 2-2: SINGLE (Groundball, 56S, EV 71.3 MPH) (infield hit)
|
Batting: RHB Danny Tartabull
|
0-0: Ball 1-0: Ball 2-0: Called Strike 2-1: Foul Ball, location: 2F 2-2: Foul Ball, location: 2F 2-2: Fly out, F3 (Popup, 3L, EV 84.4 MPH)
|
Batting: LHB Larry Sheets
|
0-0: Ball 1-0: Ball 2-0: Ball 3-0: Called Strike 3-1: Base on Balls Greg Schultz to second
|
Batting: RHB Jim Maler
|
0-0: Fly out, F7 (Flyball, 7D, EV 96.9 MPH)
|
Top of the 7th over - 0 runs, 1 hit, 0 errors, 2 left on base; Columbus 3 - Rochester 4 |
BOTTOM OF THE 7TH |
Rochester Red Wings batting - Pitching for Columbus Jets : RHP Sven Lamberts
|
Batting: RHB Tom Brookens
|
0-0: Foul Ball, location: 2F 0-1: Foul Ball, location: 2F 0-2: DOUBLE (Groundball, 5L, EV 95.6 MPH)
|
Batting: RHB Jerry Dybzinski
|
0-0: Bunt missed! 0-1: Bunt missed! 0-2: Ball 1-2: Fly out, F3 (Popup, 23F, EV 46.9 MPH)
|
Batting: RHB Johnnie LeMaster
|
0-0: Called Strike 0-1: Ball 1-1: Ball Tom Brookens steals 3rd base 2-1: Fly out, F8 (Flyball, 89M, EV 86.3 MPH) Runner from 3rd tags up, SCORES, throw by CF
|
Batting: LHB Ed Amelung
|
0-0: Called Strike 0-1: SINGLE (Groundball, 13, EV 81.9 MPH) (infield hit)
|
Pitching: RHP Martin Ronnenbergh
|
|
Batting: SHB Jordan Ayala
|
0-0: Called Strike 0-1: Ball 1-1: Ball 2-1: Ball 3-1: Fielders Choice at 2nd, 5-4 (Groundball, 5L, EV 88.8 MPH)
|
Bottom of the 7th over - 1 run, 2 hits, 0 errors, 1 left on base; Columbus 3 - Rochester 5 |
TOP OF THE 8TH |
Columbus Jets batting - Pitching for Rochester Red Wings : LHP Alex Gonzales
|
Now in CF: Mario Delgado
|
|
Batting: RHB Michael Ventress
|
0-0: Ball 1-0: Swinging Strike 1-1: Ball 2-1: Called Strike 2-2: Ground out 6-3 (Groundball, 56, EV 104.4 MPH)
|
Batting: RHB Glenn Goya
|
0-0: Called Strike 0-1: Swinging Strike 0-2: Ball 1-2: Foul Ball, location: 2F 1-2: Ball 2-2: Foul Ball, location: 2F 2-2: Ball 3-2: Foul Ball, location: 2F 3-2: Base on Balls
|
Pitching: LHP Ray Searage
|
|
Batting: RHB Dave Bialas
|
0-0: Called Strike 0-1: Swinging Strike 0-2: Ball 1-2: Ball 2-2: Strikes out looking
|
Batting: RHB Jackie Gutierrez
|
0-0: Called Strike 0-1: Ground out 6-3 (Groundball, 6MS, EV 69.4 MPH)
|
Top of the 8th over - 0 runs, 0 hits, 0 errors, 1 left on base; Columbus 3 - Rochester 5 |
BOTTOM OF THE 8TH |
Rochester Red Wings batting - Pitching for Columbus Jets : RHP Martin Ronnenbergh
|
Batting: RHB Gerry Davis
|
0-0: Ball 1-0: Ball 2-0: Called Strike 2-1: Ground out 1-3 (Groundball, 13S, EV 65.0 MPH)
|
Batting: RHB Joe Carter
|
0-0: Fly out, F9 (Flyball, 9D, EV 83.8 MPH)
|
Batting: RHB Chris Johnston
|
0-0: Ball 1-0: Called Strike 1-1: Foul Ball, location: 2F 1-2: Ball 2-2: Foul Ball, location: 2F 2-2: Ball 3-2: Strikes out swinging
|
Bottom of the 8th over - 0 runs, 0 hits, 0 errors, 0 left on base; Columbus 3 - Rochester 5 |
TOP OF THE 9TH |
Columbus Jets batting - Pitching for Rochester Red Wings : LHP Ray Searage
|
Batting: LHB Craig Brooks
|
0-0: Ball 1-0: Ball 2-0: Called Strike 2-1: Ball 3-1: DOUBLE (Line Drive, 3D, EV 100.0 MPH)
|
Batting: RHB Greg Schultz
|
0-0: Called Strike 0-1: Fly out, F8 (Flyball, 8RD, EV 85.6 MPH)
|
Batting: RHB Danny Tartabull
|
0-0: Ball 1-0: Ball 2-0: Ball 3-0: Base on Balls
|
Batting: LHB Larry Sheets
|
0-0: Called Strike 0-1: Foul Ball, location: 2F 0-2: Ball 1-2: Ball 2-2: Strikes out swinging
|
Batting: RHB Jim Maler
|
0-0: Ball 1-0: SINGLE (Groundball, 23, EV 60.0 MPH) (infield hit) Craig Brooks to third Danny Tartabull to second
|
Pitching: LHP Mac Scarce
|
|
Batting: RHB Michael Ventress
|
0-0: Foul Ball, location: 2F 0-1: Foul Ball, location: 2F 0-2: Ball 1-2: Strikes out looking
|
Top of the 9th over - 0 runs, 2 hits, 0 errors, 3 left on base; Columbus 3 - Rochester 5 |
|